 Dungeon Crawl Stone Soup version 0.30.1-11-g7821555f0a (webtiles) character file.

Game seed: 14368645478298450721

22512 Myriad the Severer (level 13, -5/122 HPs)
             Began as a Hill Orc Berserker on Nov 13, 2023.
             Was a Priest of Trog.
             Slain by a naga warrior
             ... wielding a +0 flail
              (9 damage)
             ... on level 1 of the Snake Pit.
             The game lasted 01:53:22 (12660 turns).

Myriad the Severer (Hill Orc Berserker)            Turns: 12660, Time: 01:53:23

Health: -5/122     AC: 17    Str: 25    XL:     13   Next: 0%
Magic:  13/13      EV:  7    Int:  7    God:    Trog [***...]
Gold:   695        SH:  0    Dex: 10    Spells: 12/12 levels left

rFire   x . .        E - +3 battleaxe (elec)
rCold   . . .        (shield currently unavailable)
rNeg    . . .        r - +0 chain mail
rPois   .            H - +0 helmet
rElec   .            t - +1 cloak {Will+}
rCorr   .            Q - +0 pair of gloves
SInv    .            c - +0 pair of boots
Will    ++++.        B - amulet of regeneration Stlth
                     a - ring of willpower
HPRegen 2.20/turn    S - ring of flight
MPRegen 0.13/turn

%: no passive effects
@: strong-willed, on berserk cooldown, flying, regenerating, hasted and slowed,
constricted
A: heat vulnerability 1
a: Renounce Religion, Berserk, Trog's Hand


You were on level 1 of the Snake Pit.
You worshipped Trog.
Trog was most pleased with you.
You visited 4 branches of the dungeon, and saw 15 of its levels.
You also visited: Ossuary.

You collected 695 gold pieces.

Inventory:

Hand Weapons
 k - a +0 great sword of electrocution
 s - a +3 quarterstaff of chaos
 E - a +3 battleaxe of electrocution (weapon)
 F - a +2 war axe
 G - a +1 scimitar of flaming
 J - a +0 quarterstaff of freezing
 N - a +0 demon whip of venom
 O - a +0 spear of venom
Missiles
 f - a throwing net (quivered)
Armour
 c - a +0 pair of boots (worn)
 h - a +2 robe of positive energy
 l - +0 steam dragon scales
 r - a +0 chain mail (worn)
 t - a +1 cloak of willpower (worn)
 y - a +0 tower shield
 A - +0 acid dragon scales
 H - a +0 helmet (worn)
 K - a +1 robe of cold resistance
 Q - a +0 pair of gloves (worn)
Jewellery
 a - a ring of willpower (left hand)
 n - an amulet of faith
 o - an amulet of magic regeneration
 p - a ring of protection from cold
 q - a ring of protection from cold
 B - an amulet of regeneration (around neck)
 D - a +5 ring of evasion
 I - a ring of ice
 S - a ring of flight (right hand)
Wands
 m - a wand of roots (19)
 u - a wand of light (14)
 L - a wand of polymorph (4)
 P - a wand of flame (29)
Scrolls
 b - 4 scrolls of enchant armour
 d - 3 scrolls of enchant weapon
 e - 3 scrolls of blinking
 g - 6 scrolls of teleportation
 i - 15 scrolls of identify
 x - 2 scrolls of amnesia
 C - 2 scrolls of immolation
Potions
 j - a potion of brilliance
 v - a potion of haste
 w - a potion of flight
 z - a potion of magic
 M - a potion of might


   Skills:
 + Level 13.0 Fighting
 + Level 19.9 Axes
 + Level 8.9 Armour
 - Level 3.0 Dodging
 - Level 0.5 Stealth
 - Level 6.4 Shields


You had 12 spell levels left.
You didn't know any spells.
Your spell library was empty.

Dungeon Overview and Level Annotations

Branches:
Dungeon (10/15)            Temple (1/1) D:6            Lair (2/5) D:9
  Snake (2/4) Lair:2      Ossuary (visited)
  Swamp: Lair:2-3    Shoals: Lair:2-3       Orc: D:9-12

Altars:
Ashenzari
Cheibriados
Dithmenos
Elyvilon
Fedhas
Gozag
Hepliaklqana
Kikubaaqudgha
Makhleb
Nemelex Xobeh
Okawaru
Qazlal
Ru
Sif Muna
Trog
Uskayaw
Wu Jian
Xom
Yredelemnul
Zin
The Shining One

Shops:
D:3 (   D:5 **


Innate Abilities, Weirdness & Mutations

You are vulnerable to heat. (rF-)


Message History

The naga warrior hits you with a +0 flail.
* * * LOW HITPOINT WARNING * * *
The naga warrior constricts you.
* * * LOW HITPOINT WARNING * * *
You slash the naga warrior!
The naga warrior is almost dead.
You feel sick.
The naga warrior hits you with a +0 flail!
* * * LOW HITPOINT WARNING * * *
The naga warrior constricts you.
* * * LOW HITPOINT WARNING * * *
You closely miss the naga warrior.
The naga warrior is almost dead.
You feel sick.
The naga warrior hits you with a +0 flail.
* * * LOW HITPOINT WARNING * * *
The naga warrior constricts you.
* * * LOW HITPOINT WARNING * * *
Okay, then.
You escape the naga warrior's grasp.
The naga warrior attacks as you move away!
The naga warrior hits you with a +0 flail.
* * * LOW HITPOINT WARNING * * *
You feel sick.
You feel yourself speed up.
You feel sick.
The naga warrior hits you with a +0 flail!
* * * LOW HITPOINT WARNING * * *
The naga warrior misses you. The naga warrior blocks your attack.
The naga warrior is almost dead.
You feel sick.
The naga warrior hits you but does no damage.
The naga warrior grabs you. The naga warrior constricts you.
* * * LOW HITPOINT WARNING * * *
The naga warrior blocks your attack.
The naga warrior is severely wounded.
You feel sick.
You are no longer poisoned.
The naga warrior hits you with a +0 flail!
You die...

## #. ### ####.# ####
..# ..... ..... ..#
#.#..## ..... ..#
#.##..##...... ..#
#..##..#...... ..#
#..#.@†#..... #.##
##.#..N..# #..#
#.####...# ##.## #.#
##..# #...# ##.####.....
....## ##............
####.####.######........
###.##.####### .......
###.....#.<....###......


You could see a naga warrior.

Vanquished Creatures
  Fannar (Lair:1)
  An ice dragon (D:8)
  A hydra (D:8)
  An anaconda (Snake:1)
  A boulder beetle (D:8)
  A two-headed ogre (D:8)
  A tengu warrior (D:8)
  Amaemon (Lair:1)
  A naga ritualist (Snake:1)
  A wizard (D:8)
  A mana viper (Snake:1)
  A cyclops (D:8)
  2 ugly things (D:8)
  5 elephants (Lair:2)
  6 black mambas
  A naga mage (Snake:1)
  A gargoyle (D:10)
  An orange demon (Lair:1)
  A cane toad (Lair:1)
  A rime drake (Lair:1)
  An efreet (D:9)
  A komodo dragon (Lair:1)
  A troll (D:8)
  Grinder (D:4)
  4 blink frogs (Lair:1)
  A wraith (D:9)
  12 yaks
  A wyvern (D:9)
  A basilisk (Lair:1)
  Grum (D:8)
  3 steam dragons
  Menkaure (Ossuary)
  6 nagas
  6 water moccasins
  An acid dragon (D:8)
  3 black bears
  2 sky beasts
  An ice beast (D:7)
  2 ogres
  2 wolves (D:8)
  2 phantoms
  5 bullfrogs
  7 kobold brigands
  A gnoll sergeant (D:9)
  2 scorpions
  12 wights
  20 killer bees (D:9)
  3 jellies (D:6)
  A howler monkey (D:5)
  6 hounds
  Crazy Yiuf (D:5)
  3 orc priests
  A sleepcap (D:6)
  2 iguanas
  11 orc wizards
  3 mummies (Ossuary)
  5 gnolls
  5 adders
  2 shadow imps
  An ufetubus (D:5)
  A worm (D:4)
  A dart slug (D:1)
  21 orcs
  7 bats
  7 endoplasms
  4 gnoll zombies (Ossuary)
  9 hobgoblins
  2 jackals (D:4)
  8 quokkas
  6 ball pythons
  7 frilled lizards
  A gnoll skeleton (Ossuary)
  4 goblins
  4 goblin skeletons (Ossuary)
  2 goblin zombies (Ossuary)
  5 hobgoblin skeletons (Ossuary)
  3 hobgoblin zombies (Ossuary)
  30 kobolds
  6 kobold skeletons (Ossuary)
  6 kobold zombies (Ossuary)
  5 orc skeletons (Ossuary)
  6 orc zombies (Ossuary)
  10 rats
  4 rat skeletons (Ossuary)
  4 rat zombies (Ossuary)
337 creatures vanquished.

Vanquished Creatures (others)
  An orc (D:8)
1 creature vanquished.

Grand Total: 338 creatures vanquished

Notes
Turn   | Place    | Note
-------+----------+-------------------------------------------
     0 | D:1      | Myriad the Hill Orc Berserker began the quest for the Orb.
     0 | D:1      | Reached XP level 1. HP: 19/19 MP: 1/1
   183 | D:1      | Reached XP level 2. HP: 26/27 MP: 2/2
   906 | D:1      | Reached skill level 1 in Shields
   906 | D:1      | Reached XP level 3. HP: 26/33 MP: 3/3
  1429 | D:2      | Reached ** piety under Trog
  1467 | D:2      | Reached XP level 4. HP: 40/40 MP: 4/4
  2039 | D:2      | Reached skill level 5 in Axes
  2565 | D:3      | Reached XP level 5. HP: 38/46 MP: 5/5
  2616 | D:3      | Found Syufemeg's Weapon Shop.
  2819 | D:4      | Noticed a phantom
  2819 | D:4      | Noticed an ogre
  2837 | D:4      | Killed a phantom
  2840 | D:4      | Killed an ogre
  2841 | D:4      | Reached skill level 6 in Axes
  2841 | D:4      | Reached XP level 6. HP: 53/53 MP: 6/6
  3002 | D:4      | Found an ancient bone altar of Kikubaaqudgha.
  3417 | D:4      | Noticed Grinder
  3423 | D:4      | Paralysed by Grinder for 2 turns
  3430 | D:4      | Paralysed by Grinder for 3 turns
  3436 | D:4      | Paralysed by Grinder for 4 turns
  3493 | D:4      | Killed Grinder
  3494 | D:4      | Reached skill level 5 in Fighting
  3494 | D:4      | Reached skill level 7 in Axes
  3494 | D:4      | Reached XP level 7. HP: 42/61 MP: 7/7
  3932 | D:5      | Entered Level 5 of the Dungeon
  4333 | D:5      | Reached XP level 8. HP: 69/69 MP: 8/8
  4379 | D:5      | Reached skill level 8 in Axes
  4405 | D:5      | Found a burning altar of Makhleb.
  4405 | D:5      | Noticed a balrug
  4412 | D:5      | Noticed an orange demon
  4529 | D:5      | Found Qutt's Specific Store.
  4531 | D:5      | Found Ziladopo's General Store.
  4566 | D:5      | Found a blossoming altar of Fedhas.
  4719 | D:5      | Found a basalt altar of Yredelemnul.
  5085 | D:5      | Found a runed translucent door.
  5086 | D:5      | Noticed Crazy Yiuf
  5196 | D:5      | Found a broken altar of Ashenzari.
  5301 | D:5      | Killed Crazy Yiuf
  5558 | D:6      | Reached skill level 5 in Armour
  5622 | D:6      | Found a staircase to the Ecumenical Temple.
  5633 | Temple   | Entered the Ecumenical Temple
  6162 | D:6      | Reached skill level 9 in Axes
  6361 | D:6      | Reached XP level 9. HP: 65/75 MP: 9/9
  6509 | D:7      | Reached skill level 5 in Shields
  6523 | D:7      | Found a sand-covered staircase.
  6528 | Ossuary  | Entered an ossuary
  6604 | Ossuary  | Reached *** piety under Trog
  6795 | Ossuary  | Reached skill level 10 in Axes
  6798 | Ossuary  | Reached **** piety under Trog
  6837 | Ossuary  | Noticed Menkaure
  6849 | Ossuary  | Killed Menkaure
  6920 | Ossuary  | Gained mutation: Your body sometimes deteriorates upon
                  | taking damage. [potion of mutation]
  6920 | Ossuary  | Gained mutation: You are partially covered in large bone
                  | plates. (SH +4) [potion of mutation]
  6920 | Ossuary  | Gained mutation: You have a pair of small horns on your
                  | head. [potion of mutation]
  7111 | D:7      | Reached skill level 11 in Axes
  7479 | D:7      | Found an ornate altar of the Wu Jian Council.
  7595 | D:7      | Found a shimmering altar of Xom.
  7759 | D:8      | Noticed a two-headed ogre
  7765 | D:8      | Killed a two-headed ogre
  7766 | D:8      | Reached skill level 12 in Axes
  7786 | D:8      | Reached XP level 10. HP: 69/86 MP: 10/10
  7907 | D:8      | Noticed Grum
  7919 | D:8      | Killed Grum
  8001 | D:8      | Reached skill level 13 in Axes
  8210 | D:8      | Noticed a boulder beetle
  8210 | D:8      | Noticed a cyclops
  8210 | D:8      | Noticed an ice dragon
  8211 | D:8      | Found a runed translucent door.
  8217 | D:8      | Noticed a brown ugly thing
  8217 | D:8      | Noticed a wizard
  8217 | D:8      | Noticed a cyan ugly thing
  8217 | D:8      | Noticed a tengu warrior
  8217 | D:8      | Noticed a six-headed hydra
  8236 | D:8      | Killed a boulder beetle
  8237 | D:8      | Reached skill level 14 in Axes
  8242 | D:8      | Killed a cyclops
  8248 | D:8      | Killed a cyan ugly thing
  8251 | D:8      | Killed a nine-headed hydra
  8252 | D:8      | Reached skill level 15 in Axes
  8252 | D:8      | Reached XP level 11. HP: 63/97 MP: 11/11
  8267 | D:8      | Killed a tengu warrior
  8271 | D:8      | Killed a brown ugly thing
  8290 | D:8      | Killed an ice dragon
  8404 | D:8      | Killed a wizard
  8405 | D:8      | Reached skill level 16 in Axes
  8457 | D:8      | Identified the staff of cold "Seloul" {rC+ Str+5 Dex+3}
  8683 | D:9      | Reached skill level 10 in Fighting
  9160 | D:9      | Found a staircase to the Lair.
  9181 | Lair:1   | Entered Level 1 of the Lair of Beasts
  9203 | Lair:1   | Reached skill level 17 in Axes
  9409 | Lair:1   | Noticed Fannar
  9421 | Lair:1   | Killed Fannar
  9480 | Lair:1   | Reached XP level 12. HP: 92/110 MP: 12/12
  9553 | Lair:1   | Reached skill level 18 in Axes
  9558 | Lair:1   | Noticed Amaemon
  9574 | Lair:1   | Killed Amaemon
  9815 | Lair:1   | Lost mutation: You are partially covered in large bone
                  | plates. (SH +4) [potion of mutation]
  9815 | Lair:1   | Lost mutation: Your body sometimes deteriorates upon taking
                  | damage. [potion of mutation]
  9815 | Lair:1   | Lost mutation: You have a pair of small horns on your head.
                  | [potion of mutation]
  9815 | Lair:1   | Gained mutation: Your magical capacity is low. (-10% MP)
                  | [potion of mutation]
  9815 | Lair:1   | Lost mutation: Your magical capacity is low. (-10% MP)
                  | [potion of mutation]
  9815 | Lair:1   | Gained mutation: You are vulnerable to heat. (rF-) [potion
                  | of mutation]
 10974 | D:10     | Entered Level 10 of the Dungeon
 11170 | Lair:2   | Reached skill level 19 in Axes
 11509 | Lair:2   | Found a staircase to the Snake Pit.
 12279 | Snake:1  | Entered Level 1 of the Snake Pit
 12338 | Snake:1  | Noticed an anaconda
 12339 | Snake:2  | Noticed a shock serpent
 12357 | Snake:1  | Killed an anaconda
 12634 | Snake:1  | Noticed a naga warrior
 12645 | Snake:1  | Reached XP level 13. HP: 106/122 MP: 13/13
 12659 | Snake:1  | HP: 3/122 [constriction (4)]
 12660 | Snake:1  | Slain by a naga warrior

Illustrated notes

Levels and vault maps discovered:
D:1:      lemuel_arrival_rhombus, layout_loops_corners
D:2:      layout_basic, minmay_rat_gold_closets
D:3:      layout_rooms, serial_shops, shop
D:4:      layout_basic, mainiacjoe_overflow_cross_hatched,
          lexackson_kobold_supper, uniq_grinder
D:5:      layout_loops_corners, marbit_many_paths, makhleb_altar_promises_db,
          general_overflow_altar, kennysheep_mini_moat, nicolae_specific_store,
          st_stairs_10, uniq_crazy_yiuf_cottage
D:6:      layout_cave_pools, minmay_temple_entry_hall
D:7:      layout_gridville, nzn_wu_jian_contemplation,
          mainiacjoe_overflow_alcove_4, enter_ossuary_5
D:8:      minmay_gate_of_8, layout_cave_pools, uniq_grum
D:9:      layout_layer_cave, david_lair_generic
D:10:     layout_basic, overflow_temple_1_default, ebering_ghost_funeral_grove,
          grunt_decor_one_mirror, hex_tiny
Temple:   jpeg_temple_clearing
Lair:1:   layout_cave_pods, uniq_amaemon, uniq_fannar
Lair:2:   layout_roguey, minmay_snake_entry_guardpost_small
Snake:1:  layout_chambers
Snake:2:  layout_misc_corridors, drop_trap, serial_bayou_shore_b,
          serial_bayou_shore_a, grunt_megastairs_5, uniq_saint_roka, uniq_aizul

Skill      XL: |  1  2  3  4  5  6  7  8  9 10 11 12 |
---------------+-------------------------------------+-----
Shields        | 1 2 3 4 5 6 |  6.4
Dodging        | 2 3 |  3.0
Fighting       | 4 5 6 7 9 11 13 | 13.0
Axes           | 5 6 7 9 12 15 17 19 | 19.9
Armour         | 3 4 6 7 8 |  8.9
Stealth        | |  0.5

Action                     |  1- 3 |  4- 6 |  7- 9 | 10-12 | 13-15 || total
---------------------------+-------+-------+-------+-------+-------++-------
  Melee: Hand axe          |   113 |   226 |    52 |       |       ||   391
         War axe           |       |       |   240 |       |       ||   240
         Battleaxe         |       |       |    44 |   332 |     7 ||   383
         Headbutt          |       |       |    13 |    37 |       ||    50
  Throw: Throwing net      |       |     1 |       |       |       ||     1
 Invoke: Berserk           |     1 |     2 |     7 |    11 |       ||    21
         Trog's Hand       |       |     4 |     6 |    12 |       ||    22
    Use: Scroll            |     6 |     1 |     5 |     4 |       ||    16
         Potion            |     4 |     2 |     4 |     9 |     1 ||    20
   Stab: Invisible         |       |       |       |     3 |       ||     3
 Armour: Leather armour    |    13 |       |       |       |       ||    13
         Animal skin       |     3 |       |       |       |       ||     3
         Ring mail         |    18 |    55 |       |       |       ||    73
         Scale mail        |       |    19 |    23 |       |       ||    42
         Chain mail        |       |       |    65 |    42 |     2 ||   109
         Acid dragon scale |       |       |       |   132 |       ||   132
  Dodge: Dodged            |    57 |    85 |    86 |   232 |     3 ||   463
  Block: Kite shield       |    45 |    69 |    58 |       |       ||   172
         Tower shield      |       |       |    80 |       |       ||    80
         Other             |       |       |    13 |    40 |       ||    53
